 Dungeon Crawl Stone Soup version 0.31-a0-1626-g5cb510d322 (webtiles) character file.

Game seed: 7138373559833331005

987 Pooter the Chopper (level 7, -5/62 HPs)
             Began as a Minotaur Monk on Jan 13, 2024.
             Slain by a gnoll sergeant
             ... wielding a +0 spear
              (9 damage)
             ... on level 5 of the Dungeon.
             The game lasted 00:21:16 (4348 turns).

Pooter the Chopper (Minotaur Monk)                  Turns: 4348, Time: 00:21:17

Health: -5/62      AC:  6    Str: 20    XL:     7   Next: 97%
Magic:  6/6        EV: 13    Int:  7    God:
Gold:   9          SH:  5    Dex: 13    Spells: 6/6 levels left

rFire   . . .        a - +2 battleaxe
rCold   + . .        (shield currently unavailable)
rNeg    + . .        y - +4 robe of Syomp {rN+ Str+3}
rPois   .            (helmet restricted)
rElec   .            (no cloak)
rCorr   +            (no gloves)
SInv    .            (no boots)
Will    .....        C - amulet "Larui" {Reflect rCorr SH+5}
Stlth   +++          I - ring of protection from cold
HPRegen 0.30/turn    (no ring)
MPRegen 0.10/turn

%: reflection
@: no status effects
A: horns 2, retaliatory headbutt
a: no special abilities


You were on level 5 of the Dungeon.
You visited 1 branch of the dungeon, and saw 5 of its levels.

You collected 177 gold pieces.
You spent 168 gold pieces at shops.

Inventory:

Hand Weapons
 a - a +2 battleaxe (weapon)
   (You took it off a wight on level 4 of the Dungeon)
 b - a +0 sling
   (You took it off a goblin on level 2 of the Dungeon)
 t - a +0 hand axe
Missiles
 i - a boomerang
 l - 3 curare-tipped darts
 s - 4 poisoned darts (quivered)
 Q - 53 stones
Armour
 c - a +0 chain mail
   (You took it off an orc on level 3 of the Dungeon)
 n - an orb of light
 q - a +0 kite shield
   (You found it on level 2 of the Dungeon)
 y - the +4 robe of Syomp (worn) {rN+ Str+3}
   (You found it on level 3 of the Dungeon)

   Str+3:     It affects your strength (+3).
   rN+:       It protects you from negative energy.
Jewellery
 C - the amulet "Larui" (around neck) {Reflect rCorr SH+5}
   (You acquired it on level 4 of the Dungeon)

   [amulet of reflection]

   Reflect:   It reflects blocked missile attacks.
   rCorr:     It protects you from acid and corrosion.
   SH+5:      It affects your SH (+5).
 I - a ring of protection from cold (left hand)
   (You found it on level 3 of the Dungeon)
Wands
 d - a wand of iceblast (4)
   (You found it on level 2 of the Dungeon)
 A - a wand of mindburst (8)
   (You found it on level 4 of the Dungeon)
Scrolls
 f - 2 scrolls of immolation {unknown}
 g - 2 scrolls of poison {unknown}
 j - 2 scrolls of vulnerability {!r}
 m - a scroll of silence
 u - a scroll of noise {unknown}
 z - a scroll of fog
 B - a scroll of teleportation {unknown}
Potions
 e - a potion of enlightenment {unknown}
 h - a potion of might {unknown}
 k - a potion of cancellation {unknown}
 o - 2 potions of brilliance
 p - 4 potions of heal wounds {@q2}
 r - 3 potions of berserk rage {unknown}
 v - 2 potions of curing {unknown}
 w - a potion of magic {unknown}
 x - a potion of degeneration {unknown}


   Skills:
 + Level 5.8 Fighting
 * Level 7.5 Axes
 + Level 3.2 Ranged Weapons
 - Level 3.2 Dodging
 * Level 4.7 Stealth


You had 6 spell levels left.
You didn't know any spells.
Your spell library contained the following spells:

 Spells                   Type           Power      Damage    Failure   Level
 Fugue of the Fallen      Necr           0%         N/A       80%         3
 Ozocubu's Armour         Ice            0%         N/A       80%         3
 Manifold Assault         Tloc           0%         N/A       99%         4
 Curse of Agony           Necr           0%         N/A       100%        5
 Haunt                    Necr/Summ      0%         N/A       100%        7


Dungeon Overview and Level Annotations

Branches:
Dungeon (5/15) Zot: 25585
 Temple: D:4-7

Altars:

Shops:
D:4 **


Innate Abilities, Weirdness & Mutations

You have a pair of horns on your head.
You reflexively headbutt those who attack you in melee.


Message History

You hit the gnoll. You headbutt the gnoll.
You block the gnoll sergeant's attack. The gnoll closely misses you.
The gnoll completely misses you. The gnoll barely misses you.
The gnoll sergeant hits you from afar with a +0 spear!
* * * LOW HITPOINT WARNING * * *
The gnoll sergeant misses you. The gnoll misses you.
The gnoll closely misses you. You furiously retaliate!
You headbutt the gnoll, but do no damage.
You hit the gnoll sergeant. You slash the gnoll! x2
The gnoll sergeant hits you with a +0 spear.
* * * LOW HITPOINT WARNING * * *
The gnoll barely misses you. The gnoll closely misses you.
You slash the gnoll sergeant!
Your headbutt misses the gnoll sergeant.
You closely miss the gnoll. You slash the gnoll!
You kill the gnoll!
The gnoll sergeant hits you but does no damage.
The gnoll barely misses you.
You hit the gnoll sergeant but do no damage.
Your headbutt misses the gnoll sergeant.
You closely miss the gnoll.
The gnoll sergeant hits you with a +0 spear.
* * * LOW HITPOINT WARNING * * *
The gnoll hits you with a +0 halberd!
* * * LOW HITPOINT WARNING * * *
The gnoll sergeant closely misses you. The gnoll barely misses you.
The gnoll sergeant blocks your attack.
Your headbutt misses the gnoll sergeant.
You barely miss the gnoll.
The gnoll sergeant hits you with a +0 spear.
* * * LOW HITPOINT WARNING * * *
The gnoll hits you with a +0 halberd.
* * * LOW HITPOINT WARNING * * *
The gnoll sergeant blocks your attack.
You barely miss the gnoll.
The gnoll sergeant hits you with a +0 spear.
* * * LOW HITPOINT WARNING * * *
The gnoll misses you. The gnoll hits you but does no damage.
The gnoll sergeant barely misses you.
You slash the gnoll sergeant! You hit the gnoll.
The gnoll sergeant hits you with a +0 spear.
* * * LOW HITPOINT WARNING * * *
The gnoll closely misses you. You furiously retaliate!
You headbutt the gnoll.
You kill the gnoll!
You hit the gnoll sergeant.
Your headbutt misses the gnoll sergeant.
The gnoll sergeant hits you with a +0 spear.
* * * LOW HITPOINT WARNING * * *
The gnoll sergeant blocks your attack. x2
The gnoll sergeant hits you with a +0 spear!
You die...

#.# ##.## ..## #.##
....... ...##...#
...... #.##....
....#### .%#..##
......# ......# #....#
....### ##....##
.†...# #(..[..#
.....#### ##..@).#
......#.#####†.)#g.#
...#..#...#...###.....
........#.....#
#......
.......##.....# #..##.
....#..####..## ....
.####### #.## ...# .#
###### ### ####
####.##.##


You could see a gnoll sergeant.

Vanquished Creatures
  Menkaure (D:4)
  An ogre (D:4)
  3 scorpions
  5 wights (D:4)
  2 hounds
  2 orc priests (D:3)
  An orc wizard (D:5)
  Robin (D:2)
  3 gnolls (D:5)
  2 adders (D:2)
  4 dart slugs
  2 ribbon worms
  11 orcs
  5 endoplasms
  7 giant cockroaches
  16 goblins
  11 hobgoblins
  11 jackals
  10 kobolds
  4 quokkas
  2 ball pythons
  7 bats
  10 frilled lizards
  7 rats
128 creatures vanquished.

Notes
Turn   | Place    | Note
-------+----------+-------------------------------------------
     0 | D:1      | Pooter the Minotaur Monk began the quest for the Orb.
     0 | D:1      | Reached XP level 1. HP: 19/19 MP: 0/0
   125 | D:1      | Reached XP level 2. HP: 25/27 MP: 1/1
   147 | D:1      | Reached skill level 4 in Axes
   230 | D:1      | Reached skill level 1 in Stealth
   502 | D:1      | Reached XP level 3. HP: 26/33 MP: 2/2
   965 | D:2      | Got the Papyrus of Lamentation
   976 | D:2      | Noticed Robin
   979 | D:2      | Reached XP level 4. HP: 39/40 MP: 3/3
   993 | D:2      | Killed Robin
  1087 | D:2      | Reached skill level 5 in Axes
  1694 | D:3      | Identified the +4 robe of Syomp {rN+ Str+3}
  1722 | D:3      | Reached XP level 5. HP: 33/47 MP: 4/4
  1738 | D:3      | Reached skill level 1 in Ranged Weapons
  2246 | D:4      | Found Tacs's General Store.
  2258 | D:4      | Bought a scroll of identify for 28 gold pieces
  2258 | D:4      | Bought a scroll of fog for 56 gold pieces
  2287 | D:4      | Noticed Menkaure
  2303 | D:4      | Killed Menkaure
  2304 | D:4      | Reached XP level 6. HP: 17/55 MP: 5/5
  2499 | D:4      | Reached skill level 5 in Fighting
  2499 | D:4      | Reached skill level 6 in Axes
  2686 | D:4      | Identified a scroll of acquirement
  2687 | D:4      | Acquired the amulet "Larui" {Reflect rCorr SH+5}
  2817 | D:4      | Found Ruolepri's Assorted Antiques.
  2825 | D:4      | Bought a scroll labelled DAURUOMAYTZ for 29 gold pieces
  2852 | D:4      | Reached XP level 7. HP: 39/61 MP: 6/6
  3250 | D:4      | Bought a scroll labelled LILEGI PAL PUF for 29 gold pieces
  3250 | D:4      | Bought a fuming red potion for 26 gold pieces
  3324 | D:4      | Reached skill level 7 in Axes
  3884 | D:5      | Entered Level 5 of the Dungeon
  4348 | D:5      | Slain by a gnoll sergeant

Illustrated notes

Levels and vault maps discovered:
D:1:      dpeg_arrival_prison, layout_loops_ring, minmay_lizard_pond
D:2:      layout_rooms, uniq_robin
D:3:      layout_rooms
D:4:      layout_basic, serial_shops, nicolae_shop_trees, shop, serial_rivers,
          chequers_serial_rivers_small_3, chequers_serial_rivers_small_3,
          chequers_serial_rivers_micro_c, chequers_serial_rivers_micro_d,
          chequers_serial_rivers_small_a, uniq_menkaure
D:5:      cheibrodos_quashed, layout_cave_pools, lemuel_tele_altar,
          old_standard_altar

Skill      XL: |  1  2  3  4  5  6  7 |
---------------+----------------------+-----
Axes           | 4 5 6 7 |  7.5
Stealth        | 1 2 3 4 |  4.7
Fighting       | 4 5 |  5.8
Ranged Weapons | 1 2 3 |  3.2
Dodging        | |  3.2

Action                     |  1- 3 |  4- 6 |  7- 9 || total
---------------------------+-------+-------+-------++-------
  Melee: Hand axe          |    73 |    80 |     8 ||   161
         Headbutt          |     9 |    18 |     8 ||    35
         Battleaxe         |       |       |    50 ||    50
   Fire: Sling             |       |    97 |    13 ||   110
  Throw: Dart              |     5 |     1 |     2 ||     8
  Evoke: Wand              |       |     4 |     1 ||     5
    Use: Scroll            |       |     6 |     2 ||     8
         Potion            |       |     1 |       ||     1
 Armour: Robe              |    31 |    49 |    51 ||   131
  Dodge: Dodged            |    50 |    58 |    52 ||   160
  Block: Kite shield       |       |    11 |       ||    11
         Other             |       |       |    10 ||    10

Table legend: (Time is in decaauts)
 A = Elapsed time spent in this place.
 B = Non-inter-level travel time spent in this place.
 C = Inter-level travel time spent in this place.
 D = Time resting spent in this place.
 E = Time spent auto-exploring this place.
 F = Levels seen in this place.
 G = Mean time per level.
                   A        B        C        D        E       F      G
               +--------+--------+--------+--------+--------+-----+--------+
         Total |   4412 |   4357 |     55 |    712 |   2803 |   5 |  882.4 |
       Dungeon |   4412 |   4357 |     55 |    712 |   2803 |   5 |  882.4 |
               +--------+--------+--------+--------+--------+-----+--------+

Top non-repeatable levels by time:
     D:4: 1745 daAuts
     D:1: 826 daAuts
     D:3: 700 daAuts
     D:2: 664 daAuts
     D:5: 476 daAuts
